[Event "Titled Tuesday Blitz May 25 2021"]
[White "Mikhalevski, Victor"]
[Black "Golizadeh, Asghar"]
[WhiteFideId "2801914"]
[BlackFideId "12505269"]
[WhiteElo "2567"]
[BlackElo "2403"]
[Result "1-0"]
[Round "07"]
[TimeControl "180+1"]
[Date "2021.05.25"]
[WhiteClock "0:00:57"]
[BlackClock "0:00:01"]

1. d4 Nf6 2. c4 g6 3. g3 Bg7 4. Bg2 c6 5. Nf3 d5 6. O-O O-O 7. Qb3 dxc4 8. Qxc4 Be6 9. Qa4 Nbd7 10. Nc3 Nb6 11. Qc2 Nfd5 12. Rd1 Nxc3 13. bxc3 Bc4 14. e4 Qc8 15. Bf4 h6 16. Ne5 g5 17. Be3 Bxe5 18. dxe5 Qe6 19. f4 Rad8 20. Qf2 f6 21. exf6 exf6 22. Bxb6 axb6 23. Qxb6 Rxd1+ 24. Rxd1 Ba6 25. Qf2 Qc4 26. h4 Qxc3 27. Rd7 Qc4 28. hxg5 fxg5 29. f5 Qb4 30. f6 Qb1+ 31. Kh2 Rf7 32. Rd8+ Rf8 33. Rxf8+ Kxf8 34. e5 Qd3 35. Qc5+ Kf7 36. Qe7+ Kg6 37. g4 Qd7 38. Qxd7 1-0


[Site "https://www.chess.com"]

[Event "Titled Tuesday Blitz May 25 2021"]
[White "Mikhalsky, Vladimir"]
[Black "Tarigan, Gilbert Elroy"]
[WhiteFideId "14144352"]
[BlackFideId "7108133"]
[WhiteElo "2280"]
[BlackElo "1908"]
[Result "0-1"]
[Round "07"]
[TimeControl "180+1"]
[Date "2021.05.25"]
[WhiteClock "0:00:08"]
[BlackClock "0:00:14"]

1. c4 Nf6 2. Nc3 e6 3. e4 c5 4. Nf3 d6 5. d4 cxd4 6. Nxd4 a6 7. Be3 Be7 8. Be2 Nc6 9. Nxc6 bxc6 10. c5 d5 11. b4 e5 12. exd5 cxd5 13. Na4 d4 14. Bd2 Nd5 15. Bf3 Bb7 16. Nb6 O-O 17. Nxa8 Qxa8 18. O-O f5 19. a4 e4 20. Be2 d3 21. Bh5 g6 22. Rc1 gxh5 23. b5 axb5 24. axb5 Qe8 25. c6 Bc8 26. b6 f4 27. b7 Bg4 28. Qb3 Be6 29. Rb1 Bd6 30. Qa4 Qg6 31. Qa8 Bb8 32. Bb4 Re8 33. Rfe1 e3 34. f3 Bh3 35. Rb2 e2 36. g4 hxg4 37. Kf2 g3+ 38. hxg3 Qxg3# 0-1


[Site "https://www.chess.com"]

[Event "Titled Tuesday Blitz May 25 2021"]
[White "Mirzoev, Azer"]
[Black "Martin Carmona, Gaston Manuel"]
[WhiteFideId "13400304"]
[BlackFideId "22284567"]
[WhiteElo "2525"]
[BlackElo "2144"]
[Result "1-0"]
[Round "07"]
[TimeControl "180+1"]
[Date "2021.05.25"]
[WhiteClock "0:00:13"]
[BlackClock "0:00:07"]

1. d4 Nf6 2. Nf3 e6 3. Bf4 d5 4. e3 Bd6 5. Bg3 c5 6. Nbd2 Qc7 7. c4 Bxg3 8. hxg3 dxc4 9. Bxc4 O-O 10. Rc1 cxd4 11. Nxd4 Qe7 12. Bd3 g6 13. Qc2 e5 14. N4f3 Nc6 15. a3 Bg4 16. Qc5 Qxc5 17. Rxc5 Rfd8 18. Bb5 Bxf3 19. gxf3 Rac8 20. Bxc6 Rxc6 21. Rxc6 bxc6 22. Ke2 Rb8 23. Nc4 Nd5 24. Rc1 f6 25. b4 Ne7 26. Na5 Rb6 27. e4 Kf7 28. Nc4 Ra6 29. Rd1 h5 30. Rd7 Ke6 31. Rd6+ Kf7 32. f4 exf4 33. gxf4 Nc8 34. Rd7+ Ke6 35. Rg7 Ne7 36. Kd3 h4 37. Rh7 g5 38. f5+ Kd7 39. e5 Ke8 40. Nd6+ Kd8 41. exf6 Nd5 42. Rh8+ Kd7 43. f7 Kxd6 44. f8=Q+ Kc7 45. Rh7+ Kb6 46. Qc5# 1-0


[Site "https://www.chess.com"]

[Event "Titled Tuesday Blitz May 25 2021"]
[White "Nazaretyan, Tigran"]
[Black "Mortazavi, Ali"]
[WhiteFideId "24162345"]
[BlackFideId "401323"]
[WhiteElo "2247"]
[BlackElo "2339"]
[Result "0-1"]
[Round "07"]
[TimeControl "180+1"]
[Date "2021.05.25"]
[WhiteClock "0:00:06"]
[BlackClock "0:00:38"]

1. d4 Nf6 2. c4 g6 3. Nc3 Bg7 4. e4 O-O 5. Nf3 d6 6. Be2 Bg4 7. Be3 Nbd7 8. Ng1 e5 9. d5 Bxe2 10. Ngxe2 Ng4 11. Bd2 f5 12. f3 Ngf6 13. exf5 gxf5 14. Qc2 Kh8 15. Ng3 e4 16. O-O exf3 17. Rxf3 Ne5 18. Rxf5 Nxc4 19. Bg5 Qe8 20. Raf1 Ne3 21. Bxe3 Qxe3+ 22. Kh1 Ng4 23. Nce4 Qh6 24. h3 Ne3 25. Rxf8+ Bxf8 26. Qxc7 Nxf1 27. Nxf1 Qg7 28. Qc2 Be7 29. Nfg3 Rf8 30. Qe2 Qe5 31. Qg4 Rg8 32. Qd7 Bh4 33. Nxd6 Qe1+ 0-1


[Site "https://www.chess.com"]

[Event "Titled Tuesday Blitz May 25 2021"]
[White "Nguyen, Ngoc Truong Son"]
[Black "Makhnev, Denis"]
[WhiteFideId "12401110"]
[BlackFideId "13707647"]
[WhiteElo "2596"]
[BlackElo "2549"]
[Result "0-1"]
[Round "07"]
[TimeControl "180+1"]
[Date "2021.05.25"]
[WhiteClock "0:00:06"]
[BlackClock "0:00:07"]

1. e4 c6 2. d4 d5 3. Nc3 dxe4 4. Nxe4 Bf5 5. Ng3 Bg6 6. Nh3 e6 7. Nf4 Bd6 8. c3 Nf6 9. h4 Bxf4 10. Bxf4 h6 11. h5 Bh7 12. Bd3 Bxd3 13. Qxd3 Qd5 14. c4 Qa5+ 15. Bd2 Qa6 16. O-O O-O 17. f4 Nbd7 18. Bc3 b5 19. c5 Rad8 20. Qe2 Qb7 21. a3 Rfe8 22. Rae1 Qc7 23. Qd2 Ra8 24. Ba5 Qb8 25. Qf2 a6 26. Qf3 Qb7 27. Ne4 Nxe4 28. Rxe4 f5 29. Re2 Nf6 30. Rfe1 Qd7 31. Qc3 Nxh5 32. g3 Nf6 33. Qd3 Ra7 34. Re5 Qf7 35. Kg2 Rd7 36. Qe2 Rxd4 37. Rxe6 Rxe6 38. Qxe6 Re4 39. Qxc6 Qb3 40. Rxe4 Qxb2+ 41. Kh3 fxe4 42. Qc8+ Kf7 43. Qb7+ Kg6 44. Bd8 Qe2 45. Bxf6 Qh5+ 46. Kg2 Qf3+ 47. Kh3 gxf6 48. c6 Qh1+ 49. Kg4 h5# 0-1


[Site "https://www.chess.com"]

[Event "Titled Tuesday Blitz May 25 2021"]
[White "Noboa Silva, Kevin"]
[Black "Shapiro, David"]
[WhiteFideId "3618471"]
[BlackFideId "24133523"]
[WhiteElo "2161"]
[BlackElo "2261"]
[Result "0-1"]
[Round "07"]
[TimeControl "180+1"]
[Date "2021.05.25"]
[WhiteClock "0:00:01"]
[BlackClock "0:00:36"]

1. d4 d5 2. c4 c6 3. cxd5 cxd5 4. Bf4 Nc6 5. e3 Nf6 6. Nc3 a6 7. Bd3 Bg4 8. Nge2 e6 9. O-O Bd6 10. f3 Bh5 11. Rc1 O-O 12. Na4 Bg6 13. Nc5 Bxc5 14. Rxc5 Nd7 15. Rc3 Rc8 16. Bg3 Qb6 17. Rb3 Qa7 18. Bxg6 hxg6 19. Qd2 Nb6 20. Rc1 Nc4 21. Qc2 N6a5 22. Rc3 Nxe3 23. Rxc8 Nxc2 24. R1xc2 Nc6 25. Rxf8+ Kxf8 26. Kf1 Qb6 27. a3 Qb3 28. Rd2 Na5 29. Nc1 Qb5+ 30. Ke1 Nc4 31. Rc2 Qb6 32. Bf2 Nxb2 33. h4 Nc4 34. Rc3 Qb2 35. Ne2 Qa1+ 36. Rc1 Qxa3 37. Kf1 b5 0-1


[Site "https://www.chess.com"]

[Event "Titled Tuesday Blitz May 25 2021"]
[White "Ozen, Bahadir"]
[Black "AldokhinIvan"]
[WhiteFideId "6337058"]
[WhiteElo "2503"]
[BlackElo "2517"]
[Result "1-0"]
[Round "07"]
[TimeControl "180+1"]
[Date "2021.05.25"]
[WhiteClock "0:00:34"]
[BlackClock "0:00:05"]

1. Nf3 Nf6 2. g3 g6 3. Bg2 Bg7 4. O-O O-O 5. d4 d6 6. Re1 Nc6 7. d5 Nb4 8. e4 a5 9. a3 Na6 10. h3 e5 11. dxe6 Bxe6 12. Nd4 Bd7 13. Nc3 Re8 14. Bf4 Nc5 15. Qd2 Qc8 16. Kh2 Ne6 17. Nxe6 Bxe6 18. Rad1 Nd7 19. Bh6 Bh8 20. f4 Nb6 21. b3 Bd7 22. a4 Bc6 23. Re2 Nd7 24. Nd5 Bxd5 25. Qxd5 Nf6 26. Qc4 Ra6 27. Qb5 Nd7 28. Red2 Nc5 29. e5 c6 30. Qc4 Ne6 31. Rxd6 Ra8 32. h4 Ng7 33. Bh3 Nf5 34. R6d3 Nxh6 35. Bxc8 Raxc8 36. Rd7 Rf8 37. Rxb7 Nf5 38. Rdd7 Ne3 39. Qc5 Nd5 40. c4 Nb4 41. Qxa5 Nc2 42. Qa7 Ne3 43. Rxf7 Ng4+ 44. Kh3 Rxf7 45. Rxf7 Nh6 46. Rd7 Rf8 47. Qc7 Nf5 48. Rd8 Bg7 49. Rxf8+ Bxf8 50. Qxc6 Ne7 51. Qa8 Kf7 52. a5 Nf5 53. a6 Nd4 54. Qb7+ Ke6 55. a7 Kf5 56. a8=Q h5 57. Qxf8+ Ke6 58. b4 Nc6 59. b5 g5 60. hxg5 Nd8 61. Qxd8 Kf5 62. b6 h4 63. Qbd7+ Ke4 64. b7 Kf3 65. b8=Q hxg3 66. Qb3+ Kf2 67. Qd2+ Kf1 68. Qbd1# 1-0


[Site "https://www.chess.com"]

[Event "Titled Tuesday Blitz May 25 2021"]
[White "Ozkan, Ervin"]
[Black "Diaz Camallonga, Carles"]
[WhiteFideId "6306004"]
[BlackFideId "22235256"]
[WhiteElo "2226"]
[BlackElo "2438"]
[Result "0-1"]
[Round "07"]
[TimeControl "180+1"]
[Date "2021.05.25"]
[WhiteClock "0:00:02"]
[BlackClock "0:00:49"]

1. d4 e6 2. Nf3 Nf6 3. Bf4 c5 4. e3 Nc6 5. Nbd2 d5 6. c3 Bd6 7. Bxd6 Qxd6 8. Bb5 O-O 9. a4 a6 10. Bxc6 bxc6 11. Qb3 c4 12. Qa3 Qxa3 13. Rxa3 Rb8 14. Ra2 a5 15. Kd1 c5 16. Kc2 cxd4 17. exd4 Bd7 18. Ne5 Rfc8 19. g4 Be8 20. f4 Kf8 21. Rf1 Ng8 22. f5 exf5 23. gxf5 Rb6 24. Ng4 Nf6 25. Ne5 Rcb8 26. Rb1 Nd7 27. Ndf3 f6 28. Ng4 Bh5 29. h3 Re8 30. Re1 Rxe1 31. Nxe1 Rb8 32. Ng2 Nb6 33. Nf4 Be8 34. Ne6+ Kg8 35. Nc5 Bc6 36. Ne3 Re8 37. Kd2 Nc8 38. b3 cxb3 39. Nxb3 Nb6 40. Nxa5 Bxa4 41. Nxd5 Nxd5 42. Rxa4 Ne3 43. Nc4 Nxf5 44. Kd3 h5 45. d5 Re1 46. Ra8+ Kf7 47. Ra7+ Kg6 48. Ra2 Kg5 49. Rg2+ Kh4 50. Nd2 Re3+ 51. Kc4 Kxh3 52. Rf2 Re5 53. Kc5 Ne3 54. c4 Kg3 55. Rf3+ Kg2 56. Kc6 h4 57. d6 Re6 58. Kd7 Rxd6+ 59. Kxd6 Nxc4+ 60. Nxc4 Kxf3 61. Nd2+ Kg2 62. Kd5 h3 63. Nc4 h2 64. Ne3+ Kf3 0-1


[Site "https://www.chess.com"]

[Event "Titled Tuesday Blitz May 25 2021"]
[White "Pelopidass"]
[Black "Zakhartsov, Vladimir"]
[BlackFideId "4145097"]
[WhiteElo "2531"]
[BlackElo "2462"]
[Result "0-1"]
[Round "07"]
[TimeControl "180+1"]
[Date "2021.05.25"]
[WhiteClock "0:00:05"]
[BlackClock "0:00:07"]

1. e4 c5 2. b4 cxb4 3. a3 d5 4. exd5 Qxd5 5. Nf3 e5 6. Bb2 Nc6 7. c4 bxc3 8. Nxc3 Qd7 9. Bb5 Bd6 10. O-O Nge7 11. d4 exd4 12. Ne4 O-O 13. Nxd4 Be5 14. Nxc6 Nxc6 15. Qc2 Bxb2 16. Qxb2 Qd4 17. Qe2 Qe5 18. f4 Qe7 19. Rae1 Bf5 20. Bxc6 bxc6 21. Qc4 Bxe4 22. Rxe4 Qxa3 23. Qxc6 a5 24. f5 a4 25. f6 g6 26. Qc7 Rfc8 27. Qf4 Qc5+ 28. Kh1 a3 29. Qh6 Qf8 30. Qd2 Rd8 31. Qa2 Qd6 32. h3 h5 33. Re7 Rf8 34. Rb7 Qc6 35. Rb3 Qd6 36. Ra1 Qxf6 37. Rxa3 Rxa3 38. Qxa3 Kg7 39. Rg1 h4 40. Qe3 Rd8 41. Re1 Rd5 42. Qe4 Rf5 43. Qe3 Rf2 44. Rg1 Rb2 45. Qe4 Qg5 46. Qd4+ Qf6 47. Qe4 Rb5 48. Qe3 Rf5 49. Qe4 Rf4 50. Qe3 g5 51. Re1 Rf1+ 52. Rxf1 Qxf1+ 53. Kh2 Qf4+ 54. Qxf4 gxf4 55. Kg1 Kf6 56. Kf2 Ke5 57. Ke2 Ke4 58. Kf2 f6 59. Ke2 f3+ 60. gxf3+ Kf4 61. Kf2 f5 62. Ke2 Kg3 63. Ke3 Kxh3 64. Kf2 f4 65. Kf1 Kg3 66. Ke2 Kg2 0-1


[Site "https://www.chess.com"]

[Event "Titled Tuesday Blitz May 25 2021"]
[White "Petriashvili, Nikoloz"]
[Black "Indjic, Aleksandar"]
[WhiteFideId "13611216"]
[BlackFideId "911925"]
[WhiteElo "2430"]
[BlackElo "2643"]
[Result "1-0"]
[Round "07"]
[TimeControl "180+1"]
[Date "2021.05.25"]
[WhiteClock "0:00:07"]
[BlackClock "0:00:05"]

1. d4 Nf6 2. c4 c5 3. Nf3 e6 4. g3 cxd4 5. Nxd4 Qc7 6. Bg2 Qxc4 7. Nc3 a6 8. O-O Nc6 9. Nb3 Qg4 10. h3 Qg6 11. e4 h5 12. h4 Be7 13. Bg5 Ng4 14. Bxe7 Nxe7 15. Qd6 Qf6 16. Rad1 g5 17. Nc5 gxh4 18. Nxd7 Bxd7 19. Qxd7+ Kf8 20. Qxb7 Re8 21. Qa7 hxg3 22. fxg3 Qe5 23. Qd4 Ng6 24. Qxe5 N6xe5 25. Rd6 a5 26. Ra6 Rb8 27. b3 Rc8 28. Na4 Rc2 29. Rxa5 Kg8 30. Nb6 Kg7 31. a4 Rd8 32. Nc4 Nxc4 33. bxc4 Rdd2 34. Bh3 f6 35. Rxh5 Ne3 36. Re1 Nxc4 37. Bxe6 Ne5 38. Rf1 Rg2+ 39. Kh1 Rxg3 40. Bf5 Rcg2 41. Rh7+ Kg8 42. Rb1 1-0


[Site "https://www.chess.com"]

[Event "Titled Tuesday Blitz May 25 2021"]
[White "Piesik, Piotr"]
[Black "Khusnutdinov, Rustam"]
[WhiteFideId "1136194"]
[BlackFideId "13701703"]
[WhiteElo "2369"]
[BlackElo "2571"]
[Result "0-1"]
[Round "07"]
[TimeControl "180+1"]
[Date "2021.05.25"]
[WhiteClock "0:00:03"]
[BlackClock "0:00:05"]

1. Nf3 Nf6 2. g3 b6 3. Bg2 Bb7 4. O-O c5 5. c4 g6 6. Nc3 Bg7 7. d3 d6 8. e4 Nc6 9. Ne1 Qd7 10. f4 O-O-O 11. Nc2 h6 12. Bd2 g5 13. f5 Ne5 14. Qe2 h5 15. h3 Bh6 16. b4 g4 17. h4 Nf3+ 18. Bxf3 gxf3 19. Rxf3 Bxd2 20. Qxd2 Rdg8 21. Nd5 Rg4 22. Nxf6 exf6 23. Kh2 Qe7 24. Qc3 Rhg8 25. Ne3 cxb4 26. Qd4 R4g7 27. Rb1 a5 28. a3 bxa3 29. Rxb6 Qe5 30. Qxe5 dxe5 31. Rb3 Kc7 32. Rxa3 Ra8 33. Rf2 a4 34. Rb2 Rgg8 35. Rb4 Bc6 36. Nd5+ Kd6 37. Nxf6 Rgb8 38. Rxb8 Rxb8 39. Nxh5 Kc5 40. Nf6 Kb4 41. Ra1 Kc3 42. Nd5+ Kxd3 43. h5 Kxe4 44. g4 Bxd5 45. cxd5 Kf4 46. Kh3 Kg5 47. Rxa4 Rb3+ 48. Kg2 Rd3 49. Kf2 Rxd5 50. Ke3 f6 51. Ra6 Rd1 52. h6 Rh1 53. Ra8 Kxg4 54. Ke4 Re1+ 55. Kd5 Rh1 56. Ke6 Rxh6 57. Rg8+ Kf4 58. Rg6 Rh5 59. Rxf6 e4 0-1


[Site "https://www.chess.com"]

[Event "Titled Tuesday Blitz May 25 2021"]
[White "Ponikarovsky, Alexey"]
[Black "Quparadze, Giga"]
[WhiteFideId "4122887"]
[BlackFideId "13602250"]
[WhiteElo "1944"]
[BlackElo "2658"]
[Result "0-1"]
[Round "07"]
[TimeControl "180+1"]
[Date "2021.05.25"]
[WhiteClock "0:01:46"]
[BlackClock "0:01:25"]

1. e4 c5 2. d4 cxd4 3. Nf3 a6 4. Bc4 e6 5. O-O Nc6 6. Qe2 Nf6 7. Rd1 b5 8. Bb3 Bc5 9. h3 e5 10. Bg5 h6 11. Bh4 Qe7 12. c3 g5 13. Bg3 d6 14. cxd4 Nxd4 15. Nxd4 Bxd4 16. Nc3 Be6 17. Nd5 Nxd5 18. exd5 Bd7 19. a4 Rc8 20. Kh2 f5 21. f3 Kf7 22. Bf2 Bxf2 23. Qxf2 Rc5 24. axb5 Rxb5 25. Ba4 Rb4 26. Bxd7 Qxd7 27. Rxa6 Rhb8 28. Ra7 R8b7 29. Rxb7 Qxb7 30. Rd2 Qb6 31. Qe2 Qb5 32. Qf2 Qc5 33. Qe2 Qc4 34. Qf2 Kg6 35. Qa7 Qf4+ 36. Kh1 Qxd2 37. Qe7 Qxd5 38. Qe8+ Qf7 0-1


[Site "https://www.chess.com"]

[Event "Titled Tuesday Blitz May 25 2021"]
[White "Praggnanandhaa R"]
[Black "Skatchkov, Pavel"]
[WhiteFideId "25059530"]
[BlackFideId "4121848"]
[WhiteElo "2555"]
[BlackElo "2476"]
[Result "1-0"]
[Round "07"]
[TimeControl "180+1"]
[Date "2021.05.25"]
[WhiteClock "0:00:02"]
[BlackClock "0:00:02"]

1. d4 Nf6 2. Nf3 e6 3. Bf4 d5 4. e3 c5 5. Nbd2 Nc6 6. c3 Bd6 7. Bg3 O-O 8. Bd3 b6 9. e4 Be7 10. e5 Nh5 11. Ng5 Bxg5 12. Qxh5 g6 13. Qe2 cxd4 14. h4 Bh6 15. h5 Bg7 16. Nf3 dxc3 17. bxc3 Ne7 18. Bh4 Qc7 19. Qd2 Nc6 20. hxg6 fxg6 21. Bg3 Nxe5 22. Nd4 Nxd3+ 23. Qxd3 e5 24. O-O Qf7 25. Nc6 e4 26. Qxd5 Be6 27. Qxe4 Bxc3 28. Rac1 Bg7 29. Rfe1 Rfe8 30. Ne5 Qf5 31. Qb7 Bxa2 32. Rc7 Bxe5 33. Rxe5 Qf6 34. Ree7 Rxe7 35. Rxe7 Rf8 36. Re2 1-0


[Site "https://www.chess.com"]

[Event "Titled Tuesday Blitz May 25 2021"]
[White "Pridorozhni, Aleksei"]
[Black "Abdusattorov, Nodirbek"]
[WhiteFideId "4127870"]
[BlackFideId "14204118"]
[WhiteElo "2565"]
[BlackElo "2662"]
[Result "0-1"]
[Round "07"]
[TimeControl "180+1"]
[Date "2021.05.25"]
[WhiteClock "0:00:13"]
[BlackClock "0:01:00"]

1. e4 c6 2. d4 d5 3. Nc3 dxe4 4. Nxe4 Bf5 5. Ng3 Bg6 6. h4 h6 7. Nf3 Nd7 8. h5 Bh7 9. Bd3 Bxd3 10. Qxd3 e6 11. Bf4 Qa5+ 12. Bd2 Bb4 13. Bxb4 Qxb4+ 14. c3 Qb6 15. O-O-O Ngf6 16. Ne4 Nxe4 17. Qxe4 Nf6 18. Qe2 Qb5 19. Qxb5 cxb5 20. Ne5 Ke7 21. g4 Nd5 22. Rhe1 Rac8 23. Kb1 Rhd8 24. Nd3 a5 25. f4 b4 26. cxb4 Nxb4 27. Nxb4 axb4 28. d5 Rc4 29. f5 Rd6 30. dxe6 Rxd1+ 31. Rxd1 fxe6 32. Re1 Rxg4 33. Rxe6+ Kf7 34. Rb6 Rh4 35. Kc2 Rxh5 36. Rxb7+ Kf6 37. Rxb4 Rxf5 38. a4 h5 39. Rb8 h4 40. Rh8 g5 41. b4 Kg7 42. Rh5 Kg6 43. Rh8 Rf4 44. Kc3 Rf3+ 45. Kc4 h3 46. a5 Rf4+ 47. Kb5 Rh4 48. Rg8+ Kh6 49. Rh8+ Kg7 50. Rc8 h2 51. Rc1 h1=Q 52. Rxh1 Rxh1 53. a6 g4 54. Kc6 g3 55. b5 Ra1 56. b6 Rxa6 0-1


[Site "https://www.chess.com"]

[Event "Titled Tuesday Blitz May 25 2021"]
[White "Remizov, Yaroslav"]
[Black "elohunter1999"]
[WhiteFideId "34134015"]
[WhiteElo "2367"]
[BlackElo "2554"]
[Result "1-0"]
[Round "07"]
[TimeControl "180+1"]
[Date "2021.05.25"]
[WhiteClock "0:01:15"]
[BlackClock "0:00:24"]

1. Nf3 d5 2. c4 c6 3. b3 Nf6 4. Bb2 Bf5 5. d3 e6 6. Nbd2 h6 7. g3 Be7 8. Bg2 O-O 9. O-O a5 10. Re1 Bh7 11. e4 a4 12. bxa4 dxe4 13. dxe4 Qa5 14. Rb1 Qxa4 15. Qxa4 Rxa4 16. Bxf6 Bxf6 17. Rxb7 Rxa2 18. e5 Bg5 19. Nxg5 hxg5 20. Ne4 Bxe4 21. Bxe4 Na6 22. Bxc6 Nc5 23. Rb5 Nd3 24. Rf1 Rd8 25. Be4 Rd2 26. c5 Nxe5 27. c6 Rc8 28. Rxe5 Re2 29. Bh7+ Kxh7 30. Rxe2 Rxc6 31. Rfe1 Kg6 32. Kg2 Kf6 33. Re3 g6 34. Rf3+ Ke7 35. Ra1 f5 36. h3 Kf6 37. Ra8 Rd6 38. Rc3 Rb6 39. Rcc8 f4 40. Rf8+ Ke5 41. Ra5+ Ke4 42. Rxg5 e5 43. gxf4 exf4 44. Rg4 1-0


[Site "https://www.chess.com"]

[Event "Titled Tuesday Blitz May 25 2021"]
[White "Reprintsev, Alexander"]
[Black "Rostovtsev, Dmitry"]
[WhiteFideId "14100541"]
[BlackFideId "34278320"]
[WhiteElo "2177"]
[BlackElo "2143"]
[Result "0-1"]
[Round "07"]
[TimeControl "180+1"]
[Date "2021.05.25"]
[WhiteClock "0:00:05"]
[BlackClock "0:00:21"]

1. e4 e5 2. Bc4 Nc6 3. d3 Nf6 4. Nc3 Bc5 5. h3 O-O 6. Nge2 Na5 7. O-O c6 8. Be3 Bxe3 9. fxe3 Nxc4 10. dxc4 Qb6 11. Qd3 d6 12. b3 Be6 13. a4 Rad8 14. Rad1 d5 15. exd5 cxd5 16. cxd5 Nxd5 17. Nxd5 Rxd5 18. Qc3 Rc8 19. Qxc8+ Bxc8 20. Rxd5 Qxe3+ 21. Rf2 Qg5 22. h4 Qe7 23. Nc3 f6 24. Rfd2 Be6 25. Rd8+ Kf7 26. Nb5 Qc5+ 27. Kh2 Qb4 28. c4 Qxb3 29. Nd6+ Kg6 30. Ne4 Qxc4 31. Ng3 Qxh4+ 32. Kg1 Qxg3 33. R8d3 Qg5 34. Rc2 Bf5 35. Rcc3 Bxd3 36. Rxd3 h5 37. Kh2 h4 38. Rf3 Qg4 39. a5 Kg5 40. Re3 Qf4+ 0-1


[Site "https://www.chess.com"]

[Event "Titled Tuesday Blitz May 25 2021"]
[White "Rozen, Eytan"]
[Black "Spitzl, Vinzent"]
[WhiteFideId "2816750"]
[BlackFideId "12901253"]
[WhiteElo "1963"]
[BlackElo "2192"]
[Result "1-0"]
[Round "07"]
[TimeControl "180+1"]
[Date "2021.05.25"]
[WhiteClock "0:01:00"]
[BlackClock "0:00:05"]

1. e4 e5 2. Nf3 Nc6 3. Nc3 Nf6 4. a3 Be7 5. Bb5 d6 6. d4 exd4 7. Nxd4 Bd7 8. O-O Nxd4 9. Bxd7+ Qxd7 10. Qxd4 O-O 11. Bg5 Qe6 12. Rad1 Rfd8 13. Rfe1 h6 14. Bh4 c6 15. h3 Ne8 16. Bxe7 Qxe7 17. f4 Nc7 18. Qb4 Na6 19. Qc4 Qe6 20. Qd4 Nc7 21. Re3 c5 22. Qd3 a6 23. Rde1 b5 24. Nd5 Nxd5 25. exd5 Qf6 26. c3 g6 27. g3 Kf8 28. Qe4 Rab8 29. b4 c4 30. Kg2 Re8 31. Qf3 Qf5 32. g4 Qf6 33. Kg3 g5 34. fxg5 Qxf3+ 35. Kxf3 hxg5 36. Rxe8+ Rxe8 37. Rxe8+ Kxe8 38. Ke4 f6 39. Kf5 Kf7 40. Ke4 Kg6 41. Ke3 f5 42. gxf5+ Kxf5 43. Kf3 Kf6 44. Kg3 Kf5 45. Kf3 Ke5 46. Kg4 Kf6 47. Kh5 Kf5 48. Kh6 Kf6 49. Kh7 Ke5 50. Kg6 Kxd5 51. Kxg5 Ke4 52. h4 Kd3 53. h5 Kxc3 54. h6 Kb3 55. h7 c3 56. h8=Q c2 57. Qa1 d5 58. Kf4 d4 59. Ke4 d3 60. Kxd3 Ka4 61. Kxc2 a5 62. Qb2 1-0


[Site "https://www.chess.com"]

[Event "Titled Tuesday Blitz May 25 2021"]
[White "Rustemov, Alexander"]
[Black "Hasangatin, Ramil"]
[WhiteFideId "4119002"]
[BlackFideId "4122160"]
[WhiteElo "2707"]
[BlackElo "2375"]
[Result "1-0"]
[Round "07"]
[TimeControl "180+1"]
[Date "2021.05.25"]
[WhiteClock "0:01:24"]
[BlackClock "0:01:24"]

1. d4 d6 2. c4 e5 3. Nf3 e4 4. Ng5 f5 5. g3 Be7 6. Nh3 Nf6 7. Bg2 c6 8. d5 Na6 9. O-O Nc7 10. Nc3 O-O 11. f3 exf3 12. Bxf3 Ng4 13. dxc6 bxc6 14. Bxc6 Rb8 15. Bg2 Bf6 16. Nf4 Bxc3 17. bxc3 Ne5 18. Qd4 Kh8 19. Ba3 Rb6 20. Rad1 Ne6 21. Nxe6 Bxe6 22. Bxd6 Rxd6 23. Qxd6 Qxd6 24. Rxd6 Bxc4 25. Rfd1 g6 26. Rd8 Rxd8 27. Rxd8+ Kg7 28. Ra8 a6 29. a4 Bxe2 30. Bf1 Nf3+ 31. Kf2 Bxf1 32. Kxf1 Nxh2+ 33. Ke2 1-0


[Site "https://www.chess.com"]

[Event "Titled Tuesday Blitz May 25 2021"]
[White "Sadhwani, Raunak"]
[Black "Jones, Gawain C B"]
[WhiteFideId "35093487"]
[BlackFideId "409561"]
[WhiteElo "2514"]
[BlackElo "2657"]
[Result "1-0"]
[Round "07"]
[TimeControl "180+1"]
[Date "2021.05.25"]
[WhiteClock "0:00:10"]
[BlackClock "0:00:02"]

1. b3 e5 2. Bb2 Nc6 3. c4 Nf6 4. Nf3 e4 5. Nd4 Bc5 6. Nf5 Bf8 7. Ng3 d5 8. cxd5 Qxd5 9. Bxf6 gxf6 10. Nc3 Qe5 11. Ngxe4 f5 12. Ng5 Nd4 13. e3 f4 14. Nf3 Nxf3+ 15. Qxf3 Bb4 16. Rc1 Ba3 17. Rd1 fxe3 18. fxe3 c6 19. Bc4 Be6 20. Bxe6 fxe6 21. O-O O-O-O 22. Qe4 Qd6 23. Rf6 Rhe8 24. d4 Qe7 25. Rdf1 Rd7 26. Ne2 Bd6 27. g3 Bc7 28. R6f3 e5 29. dxe5 Bxe5 30. Nd4 Bxd4 31. Qxe7 Rexe7 32. exd4 Rxd4 33. R1f2 Rde4 34. h4 a5 35. Kg2 a4 36. Kh3 Kd7 37. g4 b5 38. g5 axb3 39. axb3 c5 40. Rf5 Kc6 41. Rf6+ Kd5 42. R6f5+ R7e5 43. Rf7 Re3+ 44. Kg4 R5e4+ 45. R2f4 Rxf4+ 46. Kxf4 Rxb3 47. Rxh7 Rb1 48. g6 Ke6 49. h5 b4 50. Rb7 Kf6 51. Rf7+ Ke6 52. h6 Rf1+ 53. Kg5 Rxf7 54. h7 Rf5+ 55. Kh6 Rf1 56. h8=Q Rh1+ 57. Kg7 Rxh8 58. Kxh8 Kd5 59. g7 Kd4 60. g8=Q c4 61. Qd8+ Kc3 62. Qf6+ Kb3 63. Qe6 Kc3 64. Qe5+ Kb3 65. Qd5 Kc3 66. Qa5 Kb3 67. Qa1 c3 68. Qb1+ Kc4 69. Kg7 b3 70. Kf6 c2 71. Qb2 Kd3 72. Ke5 Kd2 73. Kd4 Kd1 74. Qxb3 Kd2 75. Qb2 Kd1 76. Kd3 c1=N+ 77. Ke3 Nb3 78. Qxb3+ 1-0


[Site "https://www.chess.com"]

[Event "Titled Tuesday Blitz May 25 2021"]
[White "Sadovsky, Artem"]
[Black "Grunberg, Mihai-Lucian"]
[WhiteFideId "4155840"]
[BlackFideId "1204149"]
[WhiteElo "2476"]
[BlackElo "2364"]
[Result "1-0"]
[Round "07"]
[TimeControl "180+1"]
[Date "2021.05.25"]
[WhiteClock "0:00:42"]
[BlackClock "0:00:15"]

1. Nf3 Nf6 2. g3 d5 3. Bg2 c6 4. O-O Bg4 5. b3 Nbd7 6. Bb2 e6 7. d3 Bd6 8. Nbd2 Qc7 9. e4 O-O 10. Qe1 e5 11. Nh4 dxe4 12. dxe4 Bb4 13. a3 Ba5 14. b4 Bb6 15. Nc4 Bd4 16. c3 Be6 17. Ne3 Bb6 18. f4 Ng4 19. Bc1 exf4 20. gxf4 Bc4 21. Rf3 Rfe8 22. Qg3 Ndf6 23. e5 Nxe3 24. Bxe3 Ne4 25. Qg4 Bxe3+ 26. Rxe3 Qb6 27. Nf5 g6 28. Bxe4 Kh8 29. Kf2 Be6 30. Qh4 gxf5 31. Qf6+ Kg8 32. Rg1+ Kf8 33. Rg7 Qd8 34. Rxh7 Qxf6 35. exf6 Kg8 36. Rg7+ Kf8 37. Rh3 1-0


[Site "https://www.chess.com"]

[Event "Titled Tuesday Blitz May 25 2021"]
[White "Samadov, Read"]
[Black "Egorov, Evgeny"]
[WhiteFideId "13417444"]
[BlackFideId "13700421"]
[WhiteElo "2084"]
[BlackElo "2422"]
[Result "0-1"]
[Round "07"]
[TimeControl "180+1"]
[Date "2021.05.25"]
[WhiteClock "0:00:59"]
[BlackClock "0:01:49"]

1. c4 g6 2. Nc3 Bg7 3. d4 d6 4. Nf3 f5 5. g3 Nf6 6. Bg2 O-O 7. O-O Qe8 8. d5 c6 9. Nd4 Bd7 10. b3 Na6 11. Bb2 Nc7 12. Qd2 c5 13. Nc2 b5 14. a4 bxc4 15. bxc4 Rb8 16. Nb5 Na8 17. Rab1 Nb6 18. Qd3 Nxa4 19. Bxf6 Bxf6 20. Nxa7 Nb2 21. Qf3 Nxc4 22. Nc6 Rxb1 23. Rxb1 Nd2 24. Qd3 Nxb1 25. Ne3 Nc3 0-1


[Site "https://www.chess.com"]

[Event "Titled Tuesday Blitz May 25 2021"]
[White "Savitski, Andrei"]
[Black "Khumalo, Keith"]
[WhiteFideId "13506161"]
[BlackFideId "14319470"]
[WhiteElo "2121"]
[BlackElo "1992"]
[Result "1-0"]
[Round "07"]
[TimeControl "180+1"]
[Date "2021.05.25"]
[WhiteClock "0:00:20"]
[BlackClock "0:01:47"]

1. e4 c5 2. Nf3 d6 3. d4 cxd4 4. Nxd4 Nf6 5. Nc3 a6 6. Bg5 e6 7. f4 Be7 8. Qf3 Qc7 9. O-O-O h6 10. Bh4 Nbd7 11. Be1 b5 12. a3 Bb7 13. Bd3 g5 14. f5 e5 15. Nb3 h5 16. Kb1 Rc8 17. Bd2 g4 18. Qe2 Nb6 19. Na2 Nc4 20. Nb4 a5 21. Na2 a4 22. Nbc1 d5 23. exd5 Bxd5 24. Nb4 Bb7 25. Rhe1 e4 26. Bxc4 Qxc4 27. Qxc4 Rxc4 28. Bc3 O-O 29. Ne2 Rfc8 30. Nf4 h4 31. Bxf6 Bxf6 32. Rd7 R8c7 33. Rxc7 Rxc7 34. Nfd5 Bxd5 35. Nxd5 Rc6 36. Nxf6+ Rxf6 37. Rxe4 Rxf5 38. Rxg4+ Kf8 39. Rxh4 Rf1+ 40. Ka2 Rf2 41. Rb4 Re2 42. Rxb5 Rxc2 43. g4 Rxh2 44. Rb4 Rh4 45. Rxa4 Kg7 46. Rb4 Rh8 47. a4 Ra8 48. Ka3 Kg6 49. Rc4 Kg5 50. b4 Rd8 51. a5 Rd3+ 52. Ka4 Rd1 53. a6 Rd6 54. b5 Rd8 55. Ka5 Rd4 56. Rxd4 1-0


[Site "https://www.chess.com"]